Map: Incorporeal LE

Players

Etherodox

  • Race: Terran Terran
  • League: Master
  • Spawn Location: 11:00

harry - Winner!

  • Race: Terran Terran
  • Spawn Location: 5:00

VOD

Have the link to the VOD?

Description

Time

  • Played on: Sept. 5, 2025, 2:29 p.m.
  • Length: 8:06
Show
View Real Time Build Order
Export as new Build Order

Etherodox Terran 

Build Orders: Reaper Expand 

Get SALT Encoding   

  12  0:05  SCV  
  13  0:17  SCV  
  13  0:19  Supply Depot  
  14  0:29  SCV  
  15  0:42  Barracks  
  15  0:43  Refinery  
  15  0:45  SCV  
  16  0:57  SCV  
  17  1:09  SCV  
  18  1:21  SCV  
  19  1:30  Reaper  
  20  1:34  Command Center  
  20  1:48  Orbital Command  
  20  1:54  Supply Depot  
  20  2:07  Marine  
  21  2:21  SCV  
  22  2:29  Factory  
  22  2:33  SCV  
  22  2:35  Barracks Tech Lab  
  22  2:41  Refinery  
  22  2:45  SCV  
  23  2:57  SCV  
  24  2:59  Orbital Command  
  24  3:02  Barracks Reactor  
  24  3:05  Supply Depot  
  24  3:09  SCV  
  25  3:21  SCV  
  25  3:24  Starport  
  26  3:27  SCV  
  26  3:33  SCV  
  28  3:38  Siege Tank  
  28  3:40  SCV  
  28  3:41  Marine  
  32  3:45  SCV  
  34  3:52  Marine, SCV  
  36  3:58  SCV  
  36  3:59  Marine  
  36  4:01  Supply Depot  
  38  4:03  Supply Depot  
  38  4:04  SCV, Starport Reactor  
  39  4:10  Marine, SCV  
  39  4:16  Marine, SCV  
  43  4:18  Siege Tank  
  43  4:22  SCV  
  46  4:28  SCV  
  47  4:33  Bunker  
  47  4:34  Marine x2  
  49  4:40  Liberator  
  52  4:46  SCV x2  
  52  4:49  Refinery  
  52  4:51  Refinery  
  52  4:52  Marine x2  
  54  4:58  SCV x2  
  51  5:10  Marine, SCV  
  51  5:11  SCV  
  51  5:13  Siege Tank  
  52  5:25  Marine  
  52  5:28  Marine  
  50  5:34  SCV  
  50  5:35  Orbital Command  
  51  5:43  Marine  
  51  5:46  Marine, SCV  
  54  5:58  SCV  
  55  6:06  Medivac  
  55  6:07  Marine x2  
  55  6:10  SCV  
  60  6:14  SCV  
  61  6:22  SCV  
  61  6:25  Marine  
  63  6:26  SCV  
  64  6:34  SCV  
  64  6:37  Supply Depot  
  64  6:38  SCV  
  66  6:40  Supply Depot  
  66  6:42  Medivac  
  66  6:44  Liberator, Supply Depot  
  66  6:46  SCV  
  63  7:06  SCV x2  
  61  7:19  Marine, SCV x2  
  61  7:21  Marine  
  63  7:31  SCV x2  
  65  7:37  Marine  
  65  7:39  Marine  
  65  7:43  SCV x2  
Show
View Real Time Build Order
Export as new Build Order

harry Terran - Winner!

Build Orders:  

Get SALT Encoding   

  12  0:00  SCV  
  13  0:12  SCV  
  14  0:17  Supply Depot  
  14  0:24  SCV  
  15  0:39  SCV  
  15  0:40  Barracks  
  16  0:45  Refinery  
  16  0:51  SCV  
  17  1:03  SCV  
  18  1:08  Barracks  
  18  1:12  Refinery  
  18  1:15  SCV  
  19  1:27  SCV  
  19  1:29  Barracks Reactor  
  20  1:38  Supply Depot  
  20  1:39  SCV  
  21  1:52  Orbital Command  
  21  1:59  Factory  
  21  2:05  Marine  
  22  2:10  Marine  
  22  2:11  Marine  
  24  2:17  SCV  
  25  2:27  Barracks Tech Lab  
  25  2:29  SCV  
  26  2:30  Marine x2  
  28  2:42  SCV  
  29  2:45  Starport  
  29  2:47  Supply Depot  
  29  2:48  Factory Tech Lab  
  29  2:52  Marine  
  29  2:57  Stimpack  
  30  3:07  Marine  
  30  3:10  Siege Tank  
  34  3:18  Supply Depot  
  34  3:20  Marine x2  
  36  3:27  Medivac  
  38  3:42  Marine x3  
  41  3:51  Siege Tank  
  44  4:15  Starport Reactor  
  44  4:16  Marauder  
  46  4:23  Command Center  
  46  4:32  Marine  
  47  4:44  Supply Depot  
  47  5:01  Marine x2  
  47  5:03  SCV  
  47  5:05  Marine  
  41  5:18  Marine  
  42  5:26  Marine x2  
  41  5:28  Siege Tank  
  44  5:36  Marine  
  44  5:40  SCV  
  46  5:43  Marine, Orbital Command  
  46  5:44  Marine  
  46  5:45  Refinery  
  46  5:47  Supply Depot  
  48  5:52  SCV  
  48  5:54  Marine  
  50  6:00  Siege Tank  
  50  6:01  Marine  
  50  6:02  Marine  
  55  6:04  SCV  
  56  6:12  Marine  
  56  6:14  Medivac  
  56  6:17  SCV  
  60  6:19  Marine x2  
  62  6:30  Marine, Medivac  
  62  6:31  SCV  
  66  6:33  Siege Tank  
  66  6:37  Marine x2  
  69  6:48  Marine  
  70  6:55  Marine x2  
  70  7:06  Marine  
  71  7:13  Marine x2  
  68  7:23  Marine  
  68  7:26  Siege Tank  
  68  7:27  Viking x2  
  76  7:30  Marine  
  76  7:31  SCV  
  76  7:34  Refinery  
  78  7:38  Supply Depot  
  78  7:40  Marine, SCV  
  78  7:41  Marine  
  78  7:43  SCV  
  82  7:48  Marine  
  77  7:52  SCV  
  80  8:02  Supply Depot  
Tags
 
League
Master
Matchup
TvT
Race
Terran
Spawn Locations
Cross Positions
Add a new tag
Caveats
  • Supply blocks, unpowered buildings, or Contaminate may cause inaccurate times.
  • Supply counts are checked every 10 seconds.